 Dungeon Crawl Stone Soup version 0.29-a0-1061-gbc57f8fbdb (webtiles) character file.

Game seed: 11283247864745897563

53 Nedwor the Slasher (level 3, -1/28 HPs)
             Began as a Demonspawn Gladiator on Aug 18, 2022.
             Slain by a goblin
             ... wielding a +0 dagger
             ... led by Robin
              (2 damage)
             ... on level 2 of the Dungeon.
             The game lasted 00:00:51 (1463 turns).

Nedwor the Slasher (Demonspawn Gladiator)           Turns: 1463, Time: 00:00:52

Health: -1/28      AC:  4    Str: 16    XL:     3   Next: 62%
Magic:  3/3        EV: 12    Int:  9    God:
Gold:   86         SH:  0    Dex: 14    Spells: 2/2 levels left

rFire   . . .      SeeInvis .   a - +0 long sword
rCold   . . .      Faith    .   (no shield)
rNeg    . . .      Spirit   .   b - +0 leather armour
rPois   .          Reflect  .   c - +0 helmet
rElec   .          Harm     .   (no cloak)
rCorr   .          Rampage  .   (no gloves)
Will    .....                   (no boots)
Stlth   +.........              (no amulet)
HPRegen 0.09/turn               (no ring)
MPRegen 0.08/turn               (no ring)

@: no status effects
A: demonic guardian 2
a: no special abilities


You were on level 2 of the Dungeon.
You visited 1 branch of the dungeon, and saw 2 of its levels.

You collected 86 gold pieces.

Inventory:

Hand Weapons
 a - a +0 long sword (weapon)
Missiles
 d - 3 throwing nets (quivered)
 e - a javelin
Armour
 b - a +0 leather armour (worn)
 c - a +0 helmet (worn)
Jewellery
 k - the amulet of Kikubaaqudgha's Grace {Acrobat +Blink Dex+3 Stlth-}
   (You found it on level 2 of the Dungeon)

   [amulet of the acrobat]

   It increases your evasion while moving and waiting.
   Dex:       It affects your dexterity (+3).
   +Blink:    It lets you blink.
   Stlth:     It makes you less stealthy.
 l - a +4 ring of slaying
Scrolls
 f - 2 scrolls of identify {unknown}
 j - a scroll of fear {unknown}
 n - a scroll of enchant weapon {unknown}
Potions
 g - a potion of haste {unknown}
 h - a potion of invisibility {unknown}
 i - 2 potions of heal wounds {unknown}
 m - a potion of mutation {unknown}
 o - a potion of might {unknown}


   Skills:
 + Level 2.5 Fighting
 * Level 3.4 Long Blades
 - Level 1.7 Throwing
 + Level 1.1 Armour
 + Level 3.0 Dodging


You had 2 spell levels left.
You didn't know any spells.
Your spell library was empty.

Dungeon Overview and Level Annotations

Branches:
Dungeon (2/15)

Altars:
Okawaru

Annotations:
D:2 Robin


Innate Abilities, Weirdness & Mutations

A demonic guardian rushes to your aid.


Message History

The hobgoblin barely misses you. The goblin barely misses you.
The goblin hits you but does no damage. The hobgoblin hits you.
You slash the goblin!
You kill the goblin!
The hobgoblin barely misses you. Robin throws the goblin at you!
You hit the goblin.
You kill the goblin!
The hobgoblin barely misses you.
Robin roars a battlecry!
The goblins go into a battle-frenzy!
You barely miss the hobgoblin. The hobgoblin hits you.
You are too injured to fight recklessly!
You are too injured to fight recklessly!
You are too injured to fight recklessly!
You are too injured to fight recklessly!
You are too injured to fight recklessly!
You are too injured to fight recklessly!
You are too injured to fight recklessly!
Unknown command.
You barely miss the hobgoblin. The hobgoblin hits you.
* * * LOW HITPOINT WARNING * * *
Robin throws the goblin at you! The hobgoblin closely misses you.
The goblin closely misses you.
You hit the hobgoblin.
You kill the hobgoblin!
The goblin hits you with a +0 club.
* * * LOW HITPOINT WARNING * * *
A demonic guardian appears!
You barely miss the goblin. The goblin closely misses you.
The goblin completely misses you.
Your hellwing hits the goblin!
The goblin dies!
You barely miss the goblin. The goblin hits you with a +0 club.
* * * LOW HITPOINT WARNING * * *
Robin throws the goblin at you!
* * * LOW HITPOINT WARNING * * *
Your hellwing hits the goblin. Your hellwing misses the goblin.
You slash the goblin!
You kill the goblin!
The goblin hits you with a +0 dagger.
You die...

###### #[...## #.....#
#..#..### #>......#
#...###.#########
########......4g@)g.g...
.............#.#####Bg..
.###............ .
.#...........#.#
.#.........#.#.#
.#...#.....#.#.#
...........#.#.. #
##.###.##..#.#.##.
...........#.#...


You could see Robin, a giant cockroach, 2 hobgoblins, a goblin (strong) and a
friendly hellwing (summoned).

Vanquished Creatures
  2 adders (D:2)
  5 endoplasms
  4 giant cockroaches
  5 goblins (D:2)
  5 hobgoblins
  A quokka (D:1)
  A ball python (D:1)
  A bat (D:2)
  A frilled lizard (D:1)
  2 kobolds (D:1)
  2 rats (D:1)
29 creatures vanquished.

Vanquished Creatures (collateral kills)
  A goblin (D:2)
  A hobgoblin (D:1)
2 creatures vanquished.

Grand Total: 31 creatures vanquished

Notes
Turn   | Place    | Note
-------+----------+-------------------------------------------
     0 | D:1      | Nedwor the Demonspawn Gladiator began the quest for the
                  | Orb.
     0 | D:1      | Reached XP level 1. HP: 16/16 MP: 1/1
   282 | D:1      | Found a faded altar of an unknown god.
   295 | D:1      | Gained mutation: A weak demonic guardian rushes to your
                  | aid. [demonic ancestry]
   295 | D:1      | Reached XP level 2. HP: 13/22 MP: 2/2
   932 | D:2      | Gained mutation: A demonic guardian rushes to your aid.
                  | [demonic ancestry]
   932 | D:2      | Reached XP level 3. HP: 28/28 MP: 3/3
   943 | D:2      | Reached skill level 1 in Armour
  1059 | D:2      | Identified the amulet of Kikubaaqudgha's Grace {Acrobat
                  | +Blink Dex+3 Stlth-}
  1346 | D:2      | Found an iron altar of Okawaru.
  1448 | D:2      | Noticed Robin
  1462 | D:2      | HP: 1/28 [Robin/goblin (3)]
  1463 | D:2      | Slain by a goblin

Illustrated notes

Levels and vault maps discovered:
D:1:      beargit_arrival_diablo_church, layout_rooms,
          hellmonk_ecumenical_altar_lost_god
D:2:      layout_basic, basic_altar, uniq_robin

Skill      XL: |  1  2  3 |
---------------+----------+-----
Long Blades    | 3 |  3.4
Armour         | 1 |  1.1
Dodging        | 3 |  3.0
Fighting       | |  2.5
Throwing       | |  1.7

Action                   || total
-------------------------++-------
Melee: Long sword        ||    80
       Punch             ||     1
Armor: Leather armour    ||    24
Dodge: Dodged            ||    62

Table legend: (Time is in decaauts)
 A = Elapsed time spent in this place.
 B = Non-inter-level travel time spent in this place.
 C = Inter-level travel time spent in this place.
 D = Time resting spent in this place.
 E = Time spent auto-exploring this place.
 F = Levels seen in this place.
 G = Mean time per level.
                   A        B        C        D        E       F      G
               +--------+--------+--------+--------+--------+-----+--------+
         Total |   1482 |   1471 |     11 |      0 |   1289 |   2 |  741.0 |
       Dungeon |   1482 |   1471 |     11 |      0 |   1289 |   2 |  741.0 |
               +--------+--------+--------+--------+--------+-----+--------+

Top non-repeatable levels by time:
     D:1: 936 daAuts
     D:2: 546 daAuts
